 Dungeon Crawl Stone Soup version 0.29-a0-103-g37f86683bf (webtiles) character file.

Game seed: 12545054144614200936

54 EiAlmux the Conjurer (level 3, -6/20 HPs)
             Began as a Deep Elf Conjurer on Feb 16, 2022.
             Mangled by Natasha (8 damage)
             ... on level 2 of the Dungeon.
             The game lasted 00:03:36 (2075 turns).

EiAlmux the Conjurer (Deep Elf Conjurer)            Turns: 2075, Time: 00:03:37

Health: -6/20      AC:  0    Str:  4    XL:     3   Next: 66%
Magic:  8/10       EV: 20    Int: 24    God:
Gold:   93         SH:  0    Dex: 18    Spells: 6/9 levels left

rFire   . . .      SeeInvis .   (weapon currently unavailable)
rCold   . . .      Faith    .   (shield currently unavailable)
rNeg    . . .      Spirit   .   (armour currently unavailable)
rPois   .          Reflect  .   (helmet currently unavailable)
rElec   .          Harm     .   (cloak currently unavailable)
rCorr   .          Rampage  .   (gloves currently unavailable)
Will    .....                   (boots currently unavailable)
Stlth   ++........              (no amulet)
HPRegen 0.06/turn               (ring currently unavailable)
MPRegen 0.12/turn               (ring currently unavailable)

@: brilliant, bat-form, flying, slowed, quick
A: fast, flying, no casting, tiny
a: no special abilities


You were on level 2 of the Dungeon.
You were a bat.
You visited 1 branch of the dungeon, and saw 3 of its levels.

You collected 93 gold pieces.

Inventory:

Hand Weapons
 b - a +2 short sword of flaming (melded)
 h - a +0 short sword
Armour
 a - a +0 robe
 c - a +0 leather armour (melded)
Scrolls
 d - a scroll of torment {unknown}
 e - a scroll of summoning {unknown}
 g - a scroll of identify {unknown}
Potions
 i - a potion of magic {unknown}
 j - a potion of brilliance


   Skills:
 * Level 1.5 Fighting
 - Level 2.4 Dodging
 - Level 2.4 Stealth
 + Level 3.7 Spellcasting
 + Level 4.7 Conjurations
 + Level 1.7 Hexes


You had 6 spell levels left.
You knew the following spells:

 Your Spells              Type           Power      Damage    Failure   Level
a - Magic Dart            Conj           100%       1d8       1%          1
b - Searing Ray           Conj           82%        2d7       2%          2

Your spell library contained the following spells:

 Spells                   Type           Power      Damage    Failure   Level
 Dazzling Flash           Conj/Hex       58%        N/A       9%          3
 Summon Small Mammal      Summ           24%        N/A       10%         1
 Summon Guardian Golem    Hex/Summ       12%        N/A       22%         3
 Fulminant Prism          Conj/Hex       14%        3d9       26%         4
 Call Canine Familiar     Summ           6%         N/A       30%         3
 Iskenderun's Mystic Bla  Conj/Tloc      23%        2d6       36%         4


Dungeon Overview and Level Annotations

Branches:
Dungeon (3/15)

Altars:

Annotations:
D:2 Natasha


Message History

Your +2 short sword of flaming melds into your body.
Your +0 leather armour melds into your body.
Your +2 short sword of flaming stops flaming.
The now-empty wand crumbles to dust.
Natasha casts a spell at you. You resist with some effort.
Natasha casts a spell at you. The magic dart hits you.
Natasha barely misses you.
There is a stone staircase leading up here.
You are too injured to fight recklessly!
You are too injured to fight recklessly!
Natasha misses you.
You fly upwards.
There is a stone staircase leading down here.
Natasha mewls in sadness.
Natasha mumbles some strange words.
The crimson imp blinks!
Natasha misses you.
Natasha wildly gestures.
Natasha glows brightly for a moment.
Natasha stares at you and mumbles some strange words.
You feel yourself slow down.
There is a stone staircase leading up here.
You are too injured to fight recklessly!
Okay, then.
It was a potion of brilliance.
You feel clever all of a sudden. Natasha closely misses you.
The crimson imp blinks!
Natasha misses you.
You are too injured to fight recklessly!
Natasha stares at you and mumbles some strange words.
You feel as though you will be slow longer.
Natasha misses you.
The crimson imp blinks!
Natasha claws you!
* * * LOW HITPOINT WARNING * * *
There is a stone staircase leading up here.
As you read the scroll labelled ARPHANY UXZELIM, it crumbles to dust.
You feel momentarily disoriented.
It was a scroll of magic mapping.
Natasha growls.
Natasha barely misses you. Natasha completely misses you. Natasha claws you!
You die...

##..†.....##.....##.#######....
#..........#5..........##......
#..........#...........##.#....
#..........#...................
#.........>.............###....
#.........§#.§..^......## #....
##........##...........# #....
##......###..h........# ##..)
######## #..b..####### ##..
####### ###


You could see Natasha (fast) and a crimson imp (summoned).

Vanquished Creatures
  An adder (D:2)
  2 dart slugs (D:1)
  4 ball pythons
  6 endoplasms
  A giant cockroach (D:1)
  A goblin (D:2)
  3 hobgoblins
  4 jackals
  4 kobolds
  A quokka (D:2)
  3 bats
  5 frilled lizards
  3 rats
38 creatures vanquished.

Notes
Turn   | Place    | Note
-------+----------+-------------------------------------------
     0 | D:1      | EiAlmux the Deep Elf Conjurer began the quest for the Orb.
     0 | D:1      | Reached XP level 1. HP: 10/10 MP: 6/6
   146 | D:1      | Reached XP level 2. HP: 16/16 MP: 4/8
   214 | D:1      | Learned a level 2 spell: Searing Ray
   271 | D:1      | Reached skill level 1 in Hexes
   334 | D:1      | Reached skill level 1 in Fighting
   566 | D:1      | Found a faded altar of an unknown god.
  1126 | D:2      | Reached XP level 3. HP: 20/20 MP: 7/9
  2050 | D:3      | Noticed Natasha
  2075 | D:2      | Mangled by Natasha

Illustrated notes

Levels and vault maps discovered:
D:1:      dpeg_arrival_connections, layout_rooms, nicolae_ecumenical_lake_church
D:2:      layout_rooms, hangedman_decor_growths
D:3:      layout_loops_cross, mainiacjoe_overflow_catwalk_spiral,
          grunt_dithmenos_smoke_and_mirrors, lemuel_doored_altar, uniq_terence,
          uniq_natasha

Skill      XL: |  1  2 |
---------------+-------+-----
Hexes          | 1 |  1.7
Fighting       | 1 |  1.5
Dodging        | |  2.4
Stealth        | |  2.4
Spellcasting   | |  3.7
Conjurations   | |  4.7

Action                   || total
-------------------------++-------
Melee: Short sword       ||     8
 Cast: Magic Dart        ||    74
       Searing Ray       ||     1
  Use: Scroll            ||     2
       Potion            ||     2
Armor: Leather armour    ||     9
Dodge: Dodged            ||    24

Table legend: (Time is in decaauts)
 A = Elapsed time spent in this place.
 B = Non-inter-level travel time spent in this place.
 C = Inter-level travel time spent in this place.
 D = Time resting spent in this place.
 E = Time spent auto-exploring this place.
 F = Levels seen in this place.
 G = Mean time per level.
                   A        B        C        D        E       F      G
               +--------+--------+--------+--------+--------+-----+--------+
         Total |   2071 |   1948 |    123 |    266 |   1461 |   3 |  690.3 |
       Dungeon |   2071 |   1948 |    123 |    266 |   1461 |   3 |  690.3 |
               +--------+--------+--------+--------+--------+-----+--------+

Top non-repeatable levels by time:
     D:1: 1091 daAuts
     D:2: 962 daAuts
     D:3: 17 daAuts
